 Dungeon Crawl Stone Soup version 0.32-a0-765-gfba4d74c8c (webtiles) character file.

Game seed: 16091660438645704768

1625896 GordonOverkill the Cryomancer (level 25, 194/194 HPs)
             Began as a Demonspawn Delver on Mar 18, 2024.
             Was the Champion of Vehumet.
             Escaped with the Orb
             ... and 3 runes!
             The game lasted 02:50:57 (71546 turns).

GordonOverkill the Cryomancer (Demonspawn Delver)  Turns: 71546, Time: 02:50:57

Health: 194/194    AC: 27    Str: 13    XL:     25   Next: 89%
Magic:  47/47      EV: 11    Int: 40    God:    Vehumet [******]
Gold:   1828       SH: 16    Dex: 16    Spells: 20/64 levels left

rFire   + + .        J - +9 dagger (elec)
rCold   + . .        q - +3 kite shield {AC+3}
rNeg    . . .        O - +8 fire dragon scales
rPois   +            (helmet unavailable)
rElec   .            R - scarf {rC+ rF+}
rCorr   .            K - +2 pair of gloves {Stlth+}
SInv    .            a - +3 pair of seven-league boots {Rampage+∞}
Will    ++...        N - amulet of Vitality {Regen++ RegenMP++}
Stlth   +            g - ring of Wobissuu {Wiz rPois rF- rC+ Int+9}
HPRegen 2.12/turn    l - ring "Nupoutul" {Wiz Int+6}
MPRegen 1.40/turn

%: guardian spirit, rampage+∞, wizardry (x3)
@: no status effects
A: horns 3, hurl damnation, ignite blood 3, torment resistance 1, magic shield,
magic regeneration, magic link, big brain 3, demonic willpower, deformed body,
deterioration 1, weak 1, MP-powered wands, noise suppression
0: Orb of Zot
}: 3/15 runes: decaying, serpentine, silver
a: Hurl Damnation, Renounce Religion


You escaped.
You worshipped Vehumet.
Vehumet was exalted by your worship.
You visited 10 branches of the dungeon, and saw 48 of its levels.
You also visited: Ice Cave and Wizlab.

You collected 8395 gold pieces.
You spent 6567 gold pieces at shops.

Inventory:

Hand Weapons
 p - the +7 short sword of a treasure trove {protect, rPois rF+ Will+ rCorr}
   (You took it off a tengu reaver on level 5 of the Vaults)

   rF+:       It protects you from fire.
   rPois:     It protects you from poison.
   Will+:     It increases your willpower.
   rCorr:     It protects you from acid and corrosion.
 J - a +9 dagger of electrocution (weapon)
Missiles
 r - 9 throwing nets
 H - 4 curare-tipped darts (quivered)
Armour
 a - the +3 pair of seven-league boots (worn) {Rampage+∞}
   (You bought it in a shop on level 2 of the Vaults)

   Rampage+∞: When moving toward enemies, its wearer moves as far as possible,
   alerting their target en route.
 q - a +3 kite shield of protection (worn)
 K - a +2 pair of gloves of stealth (worn)
 O - +8 fire dragon scales (worn)
 R - a scarf of resistance (worn)
Magical Staves
 M - the staff of Evil {Fly rF+ rC+ rN+ Fire}
   (You found it on level 5 of the Vaults)

   [staff of fire]

   Base accuracy: +5 Base damage: 5 Base attack delay: 1.2 This weapon's minimum
   attack delay (0.6) is reached at skill level 12.
   rF+:       It protects you from fire.
   rC+:       It protects you from cold.
   rN+:       It protects you from negative energy.
   Fly:       It grants you flight.
   Fire:      It increases the power of your Fire spells.
   It falls into the 'Staves' category.
   It is a one-handed weapon.
Jewellery
 g - the ring of Wobissuu (left hand) {Wiz rPois rF- rC+ Int+9}
   (You bought it in a shop on level 2 of the Vaults)

   [ring of wizardry]

   Wiz:       It improves your spell success rate.
   Int+9:     It affects your intelligence (+9).
   rF-:       It makes you vulnerable to fire.
   rC+:       It protects you from cold.
   rPois:     It protects you from poison.
 l - the ring "Nupoutul" (right hand) {Wiz Int+6}
   (You took it off a deep elf archer on level 1 of the Elven Halls)

   [ring of wizardry]

   Wiz:       It improves your spell success rate.
   Int+6:     It affects your intelligence (+6).
 v - the ring of the Establishment {Fly rElec rF+ Int+2 Dex-5}
   (You acquired it on level 5 of the Lair of Beasts)

   [ring of protection from fire]

   Int+2:     It affects your intelligence (+2).
   Dex-5:     It affects your dexterity (-5).
   rF+:       It protects you from fire.
   rElec:     It insulates you from electricity.
   Fly:       It grants you flight.
 N - the amulet of Vitality (around neck) {Regen++ RegenMP++}
   (You took it off a deep elf death mage on level 3 of the Elven Halls)

   [amulet of nothing]

   Regen++:   It increases your rate of health regeneration.
   RegenMP++: It increases your rate of magic regeneration.
Wands
 x - a wand of charming (58)
 C - a wand of roots (44)
 G - a wand of acid (28)
 L - a wand of mindburst (16)
Scrolls
 b - 7 scrolls of fog
 c - 3 scrolls of revelation
 d - 2 scrolls of silence
 j - 11 scrolls of teleportation
 k - 4 scrolls of torment
 n - 4 scrolls of amnesia
 w - 8 scrolls of vulnerability
 y - 3 scrolls of fear
 S - 29 scrolls of identify
 V - 2 scrolls of summoning
 W - 5 scrolls of poison
 Y - 12 scrolls of immolation
Potions
 h - 10 potions of might
 m - 4 potions of resistance
 o - 11 potions of enlightenment
 t - 3 potions of haste
 u - 22 potions of curing
 A - 4 potions of attraction
 B - a potion of mutation
 D - 2 potions of heal wounds
 E - 4 potions of lignification
 I - 4 potions of brilliance
 Q - 4 potions of invisibility
Miscellaneous
 i - a phial of floods
 z - a condenser vane
 F - a box of beasts
 X - a phantom mirror
 Z - a lightning rod (4/4)


   Skills:
 - Level 15.0 Fighting
 - Level 13.0 Armour
 - Level 10.0 Dodging
 - Level 4.5 Stealth
 - Level 15.0 Shields
 - Level 2.1 Unarmed Combat
 - Level 20.0 Spellcasting
 - Level 15.0 Conjurations
 - Level 1.0 Translocations
 - Level 23.0 Ice Magic
 - Level 15.0 Earth Magic
 - Level 15.0 Alchemy
 + Level 6.5 Evocations


You had 20 spell levels left.
You knew the following spells:

 Your Spells              Type           Power      Damage    Failure   Level
a - Freeze                Ice            100%       1d10      0%          1
b - Irradiate             Conj/Alch      51%        3d28      1%          5
c - Blink                 Tloc           96%        N/A       1%          2
d - Stone Arrow           Conj/Erth      100%       3d13      0%          3
e - Permafrost Eruption   Ice/Erth       56%        2x4d16    1%          6
f - Polar Vortex          Ice            61%        12d8*     2%          9
g - Ozocubu's Refrigerat  Ice            61%        4d21      1%          7
h - Lehudib's Crystal Sp  Conj/Erth      51%        10d12     3%          8
i - Swiftness             Air            40%        N/A       3%          3

Your spell library contained the following spells:

 Spells                   Type           Power      Damage    Failure   Level
 Shatter                  Erth           51%        3d39*     36%         9
 Maxwell's Capacitive Co  Air            20%        ∞         95%         8
 Fire Storm               Conj/Fire      39%        8d10      95%         9
 Magic Dart               Conj           100%       1d8       0%          1
 Sandblast                Erth           100%       2d20      0%          1
 Sting                    Conj/Alch      100%       1d9       0%          1
 Hailstorm                Conj/Ice       100%       3d16      0%          3
 Ozocubu's Armour         Ice            100%       N/A       0%          3
 Apportation              Tloc           96%        N/A       1%          1
 Foxfire                  Conj/Fire      100%       2x1d9     1%          1
 Kiss of Death            Conj/Necr      100%       2d13      1%          1
 Necrotise                Necr           100%       1d9       1%          1
 Slow                     Hex            100%       N/A       1%          1
 Summon Small Mammal      Summ           100%       N/A       1%          1
 Call Imp                 Summ           80%        N/A       1%          2
 Cigotuvi's Dreadful Rot  Necr/Alch/Air  100%       N/A       1%          2
 Ensorcelled Hibernation  Hex/Ice        100%       N/A       1%          2
 Jinxbite                 Hex            80%        N/A       1%          2
 Lesser Beckoning         Tloc           96%        N/A       1%          2
 Mercury Vapours          Alch/Air       100%       N/A       1%          2
 Momentum Strike          Conj/Tloc      100%       3d10      1%          2
 Scorch                   Fire           80%        2d8       1%          2
 Sublimation of Blood     Necr           40%        N/A       1%          2
 Dazzling Flash           Conj/Hex       100%       N/A       1%          3
 Gell's Gravitas          Tloc           48%        N/A       1%          3
 Inner Flame              Hex/Fire       40%        N/A       1%          3
 Mephitic Cloud           Conj/Alch/Air  88%        N/A       1%          3
 Passwall                 Erth           100%       N/A       1%          3
 Summon Ice Beast         Ice/Summ       93%        N/A       1%          3
 Teleport Other           Tloc           48%        N/A       1%          3
 Volatile Blastmotes      Fire/Tloc      88%        2d17      1%          3
 Animate Armour           Summ/Erth      100%       N/A       1%          4
 Brom's Barrelling Bould  Conj/Erth      100%       2d11      1%          4
 Fulminant Prism          Conj/Alch      51%        3d23      1%          4
 Iskenderun's Mystic Bla  Conj/Tloc      81%        2d16      1%          4
 Leda's Liquefaction      Alch/Erth      51%        N/A       1%          4
 Olgreb's Toxic Radiance  Alch           100%       N/A       1%          4
 Petrify                  Alch/Erth      100%       N/A       1%          4
 Alistair's Intoxication  Alch           68%        N/A       1%          5
 Arcjolt                  Conj/Air       39%        1d49      1%          5
 Borgnjor's Vile Clutch   Necr/Erth      39%        N/A       1%          5
 Fireball                 Conj/Fire      39%        3d16      1%          5
 Freezing Cloud           Conj/Ice/Air   48%        6-21      1%          5
 Iskenderun's Battlesphe  Conj           100%       2d15      1%          5
 Yara's Violent Unravell  Hex/Alch       39%        3d16      1%          5
 Bombard                  Conj/Erth      51%        9d9       1%          6
 Conjure Ball Lightning   Conj/Air       39%        3x3d13    1%          6
 Sculpt Simulacrum        Ice/Alch       56%        N/A       1%          6
 Starburst                Conj/Fire      39%        6d11      1%          6
 Orb of Destruction       Conj           51%        9d13      1%          7
 Confusing Touch          Hex            40%        N/A       3%          3
 Fugue of the Fallen      Necr           40%        N/A       3%          3
 Sigil of Binding         Hex            40%        N/A       3%          3
 Tukima's Dance           Hex            40%        N/A       3%          3
 Vampiric Draining        Necr           40%        2d8       3%          3
 Manifold Assault         Tloc           48%        N/A       6%          4
 Passage of Golubria      Tloc           48%        N/A       6%          4
 Spellforged Servitor     Conj/Summ      39%        N/A       9%          7
 Animate Dead             Necr           40%        N/A       10%         4
 Cause Fear               Hex            20%        N/A       10%         4
 Dispel Undead            Necr           40%        3d16      10%         4
 Martyr's Knell           Necr/Summ      40%        N/A       10%         4
 Summon Blazeheart Golem  Fire/Summ      40%        N/A       10%         4
 Summon Lightning Spire   Summ/Air       40%        N/A       10%         4
 Summon Forest            Summ/Tloc      22%        N/A       21%         5
 Summon Mana Viper        Hex/Summ       40%        N/A       24%         5
 Plasma Beam              Fire/Air       20%        2x1d32    28%         6
 Dispersal                Tloc           24%        N/A       61%         6
 Death Channel            Necr           20%        N/A       73%         6
 Summon Cactus Giant      Summ           20%        N/A       73%         6
 Ignition                 Fire           20%        3d7       95%         8
 Haunt                    Necr/Summ      20%        N/A       99%         7
 Malign Gateway           Summ/Tloc      22%        N/A       99%         7
 Monstrous Menagerie      Summ           20%        N/A       99%         7
 Summon Hydra             Summ           20%        N/A       99%         7
 Discord                  Hex            20%        N/A       100%        8
 Disjunction              Tloc           24%        N/A       100%        8
 Infestation              Necr           20%        N/A       100%        8
 Summon Horrible Things   Summ           20%        N/A       100%        8
 Dragon's Call            Summ           20%        N/A       100%        9


Dungeon Overview and Level Annotations

Branches:
Dungeon (15/15)            Temple (1/1) D:6            Lair (5/5) D:8
  Swamp (4/4) Lair:2        Snake (4/4) Lair:3        Slime (0/5) Lair:4
    Orc (2/2) D:12            Elf (3/3) Orc:2        Vaults (5/5) D:14
  Crypt (0/3) Vaults:3     Depths (4/4) D:15            Zot (5/5) Depths:4
  IceCv (visited)          WizLab (visited)

Altars:
Ashenzari
Cheibriados
Dithmenos
Fedhas
Gozag
Hepliaklqana
Kikubaaqudgha
Makhleb
Nemelex Xobeh
Okawaru
Qazlal
Ru
Sif Muna
Trog
Uskayaw
Vehumet
Wu Jian
Xom
Yredelemnul
Beogh
Jiyva

Shops:
D:6 :   D:12 (   Orc:2 :[*:!   Elf:3 *   Snake:4 (   Vaults:2 *(=*   Vaults:3 !
Zot:4 *   Depths:1 [??!   Depths:4 :

Portals:
Hell: Depths:1 Depths:2 Depths:3 Depths:4
Abyss: Lair:2 Depths:3
Pandemonium: Depths:2
Ziggurat: Depths:3
Trove: Vaults:2 (give 7 potions of haste)

Annotations:
D:4 2 transporters, GordonOverkill's ghost, weakling DsDe
D:7 3 runed translucent doors, koorschki's ghost, novice DsSh
D:10 2 transporters, YordlordTheGreat's ghost, journeyman HuCA
Lair:2 2 transporters, Errthou's ghost, journeyman MiFi
Zot:1 Tiamat
Zot:5 1 exclusion


Innate Abilities, Weirdness & Mutations

You have a pair of large horns on your head.
You can hurl damnation.
Your demonic aura causes all spilled blood to erupt in flames.
You are resistant to unholy torment.
When hurt, damage is shared between your health and your magic reserves.
You regenerate magic rapidly.
When low on magic, you restore magic in place of health.
You have an absolutely massive brain. (Int +6, Wiz)
You punish those that try to bend your will. (Will+)
Armour fits poorly on your strangely shaped body.
Your body sometimes deteriorates upon taking damage.
You are weak. (Str -2)
You expend magic power (3 MP) to strengthen your wands.
You passively dampen the noise of your surroundings.


Message History

You climb upwards.
There is a stone staircase leading down here.
There is a stone staircase leading up here.
Things that are here:
a +0 sling; a +0 dagger You climb upwards.
There is a stone staircase leading down, spattered with blood here.
There is an escape hatch in the ceiling here.
A mysterious force pulls you upwards. The hatch slams shut behind you.
There is a stone staircase leading down here.
An Orb Guardian comes into view.
Casting: Permafrost Eruption (safe; 1% risk of failure)
Confirm with . or Enter, or press ? or * to list all spells.
Bitter cold erupts, blasting rock from the ceiling!
The mass of rock hits the Orb Guardian!!
The Orb Guardian is heavily wounded.
Piercing cold boils outward!
The piercing cold hits the Orb Guardian!!
The Orb Guardian is almost dead.
Casting: Permafrost Eruption (safe; 1% risk of failure)
Confirm with . or Enter, or press ? or * to list all spells.
Bitter cold erupts, blasting rock from the ceiling!
The mass of rock hits the Orb Guardian!
You kill the Orb Guardian!
Vehumet accepts your kill.
You feel your power returning.
Piercing cold boils outward!
What level of the Dungeon? (default 1, ? - help) Magic restored.
There is a stone staircase leading down here.
There is a staircase leading out of the dungeon here.
Casting: Permafrost Eruption (safe; 1% risk of failure)
Confirm with . or Enter, or press ? or * to list all spells.
Okay, then.
Unknown command.
You can't go down here!
Unknown command.
What level of the Dungeon? (default 1, ? - help) You're already here!
Unknown command.
You have escaped!

....#.........#.#>#.# #.........
....##...##.#.....#.####.........
....#....##.......#.##...........
.....[...######.#.#....#......#.#
.......### ##.....#####......#.#
.......# ##....ß.######.#......
.......# ##.......≈≈§##.........
.......# ##.......≈§§≈###.)#....#
....######..ß..ß@.§§≈>##.........
###.####..........≈§≈§##.........
#......>##.......≈≈≈##.........
###.......###....ß.#####.........
#.........####.....### #....##...
#.........(.......##.###.##.##.##
............####..##.##..##†.#.##
..........####......[....#.†.....
..........# #.#...#####.........


There were no monsters in sight!

Vanquished Creatures
  4 dread liches
  7 orbs of fire (Zot:5)
  Mara (Elf:3)
  Bai Suzhen (Elf:3)
  Saint Roka (Elf:3)
  8 Killer Klowns
  A pandemonium lord (D:13)
  5 caustic shrikes (Depths:4)
  12 golden dragons
  Norris (Vaults:1)
  A bone dragon (Depths:4)
  A Brimstone Fiend (Depths:4)
  3 doom hounds (Zot:2)
  An iron giant (Depths:3)
  Zenata (Elf:3)
  3 electric golems
  An Ice Fiend (Zot:4)
  2 liches (Vaults:1)
  Rupert (D:15)
  Jorgrun (Orc:2)
  Mlioglotl (Swamp:1)
  2 deep elf master archers (Elf:3)
  30 Orb Guardians
  11 tentacled monstrosities
  Asterion (Elf:3)
  Grunn (Zot:2)
  2 titans (Vaults:5)
  10 sphinxes
  2 deep elf blademasters (Elf:3)
  6 quicksilver dragons
  9 death cobs
  A walking divine tome (Depths:4)
  Frances (D:13)
  Roxanne (Swamp:2)
  10 shadow dragons
  9 tengu reavers
  Aizul (Elf:3)
  3 draconian monks
  Donald (Vaults:1)
  5 fenstrider witches (Depths:2)
  2 draconian shifters
  17 storm dragons
  6 nagarajas (Snake:4)
  8 fire giants
  15 frost giants
  2 draconian knights
  2 protean progenitors (Zot:1)
  A balrug (Zot:1)
  A ghost moth (Zot:1)
  15 vault wardens
  7 deep elf sorcerers
  4 deep elf elementalists (Elf:3)
  4 iron dragons
  3 draconian scorchers
  An angel (Depths:2)
  A reaper (IceCv)
  22 stone giants
  4 draconian stormcallers
  28 ironbound preservers
  5 spriggan defenders
  10 ironbound thunderhulks
  5 orc warlords
  A quicksilver ooze (Zot:1)
  2 draconian annihilators
  22 very ugly things
  4 vampire knights
  8 eleionomae
  A formless jellyfish (Vaults:2)
  5 green draconians
  8 white draconians
  2 lorocyprocas
  8 dire elephants
  3 war gargoyles
  8 yellow draconians
  7 black draconians
  3 deep elf annihilators (Elf:3)
  8 red draconians
  9 deep elf demonologists
  10 spark wasps
  7 purple draconians
  8 deep elf death magi
  4 bunyips
  An eidolon (Vaults:1)
  9 ettins
  14 yaktaur captains
  10 fire dragons
  A shambling mangrove (Swamp:3)
  2 crystal guardians (Vaults:3)
  Fannar (D:12)
  An entropy weaver (Vaults:3)
  11 ice dragons
  3 peacekeepers
  20 hydras
  2 salamander tyrants
  Harold (D:10)
  4 deep elf high priests
  29 vault guards
  3 great orbs of eyes
  4 rakshasas
  2 jorogumos (Depths:2)
  3 ogre magi
  14 centaur warriors
  13 anacondas
  3 spriggan air magi
  A two-headed ogre (shapeshifter) (Vaults:5)
  3 catoblepae (Lair:5)
  4 alligators
  12 two-headed ogres
  2 boulder beetles
  Erica (D:8)
  31 dancing weapons
  6 ironbound frosthearts
  6 tengu warriors
  9 deep troll shamans
  A sphinx skeleton (D:15)
  Urug (Orc:1)
  12 death yaks
  A spriggan berserker (Depths:4)
  An occultist (Depths:1)
  6 shock serpents
  14 naga sharpshooters
  9 naga warriors
  9 deep elf knights (Elf:2)
  5 hell knights
  A storm dragon zombie (D:15)
  A vampire mage (Depths:3)
  4 sun demons
  Nergalle (Orc:1)
  2 shadow wraiths (Vaults:1)
  5 salamander mystics
  7 iron trolls
  3 skeletal warriors (D:15)
  7 spriggan druids
  4 goliath frogs
  A sixfirhy (D:14)
  4 skysharks
  7 glowing orange brains
  4 arcanists
  6 mana vipers
  2 flayed ghosts
  8 swamp dragons
  6 orc knights
  9 thermic dynamos
  14 lindwurms
  56 deep trolls
  2 golden dragon skeletons (Depths:1)
  12 deep elf archers
  24 ironbound convokers
  An orb spider (shapeshifter) (Vaults:5)
  9 naga ritualists
  A bog body (Swamp:1)
  2 phantasmal warriors (Vaults:5)
  14 deep elf zephyrmancers
  6 necromancers
  6 harpies
  An oklob plant (Lair:3)
  31 deep elf pyromancers
  3 manticores (D:14)
  A shining eye (shapeshifter) (Vaults:5)
  An orc sorcerer (Orc:1)
  32 ugly things
  9 cyclopes
  5 will-o-the-wisps
  16 moths of wrath
  16 salamanders
  A faun (shapeshifter) (Vaults:5)
  42 black mambas
  10 guardian serpents
  Joseph (D:10)
  3 meliai (D:15)
  2 rust devils
  A smoke demon (D:14)
  6 elephants
  An ice statue (IceCv)
  2 kobold blastminers (Orc:1)
  A molten gargoyle (Swamp:4)
  15 vault sentinels
  A gargoyle (D:11)
  17 naga magi
  2 torpor snails
  An orange demon (D:14)
  Maggie (D:7)
  12 cane toads
  An unseen horror (shapeshifter) (Vaults:5)
  A hellion (D:10)
  2 efreet (D:14)
  3 freezing wraiths
  5 rime drakes
  46 yaktaurs
  6 komodo dragons
  2 guardian mummies (Vaults:2)
  2 tengu conjurers (D:13)
  3 ice devils
  A merfolk (shapeshifter) (Vaults:5)
  7 red devils
  2 hellwings (D:13)
  13 trolls
  A hornet (shapeshifter) (Elf:1)
  10 tyrant leeches
  15 hornets
  4 bloated husks
  A glass eye (Depths:1)
  2 polar bears
  Prince Ribbit (D:6)
  17 blink frogs
  A blink frog (shapeshifter) (Elf:1)
  A snapping turtle (Zot:1)
  A meliai (shapeshifter) (Elf:1)
  An ettin skeleton (Depths:1)
  Sigmund (D:3)
  4 dream sheep
  2 air elementals
  19 slime creatures
  6 wraiths
  10 water elementals
  2 wyverns
  25 spriggans
  A centaur simulacrum (D:14)
  50 yaks
  6 basilisks
  A wyvern (shapeshifter) (D:14)
  A yak (shapeshifter) (Vaults:5)
  4 golden eyes (Depths:1)
  A golden eye (shapeshifter) (Elf:1)
  A neqoxec (D:14)
  2 steam dragons
  2 redbacks (Vaults:3)
  3 death yak simulacra (IceCv)
  3 wargs
  23 vampire mosquitoes
  Menkaure (D:7)
  A chaos spawn (D:14)
  41 nagas
  6 acid dragons
  11 water moccasins
  16 swamp worms
  Duvessa (D:7)
  4 hell hounds (D:6)
  2 black bears
  An ice beast (D:7)
  25 orc warriors
  10 swamp drakes
  A sky beast (D:7)
  21 ogres
  15 wolves
  11 centaurs
  2 phantoms
  2 kobold brigands (D:9)
  9 bullfrogs
  3 earth elementals
  4 scorpions
  3 cane toad simulacra (IceCv)
  5 wights (D:7)
  Dowan (D:7)
  24 killer bees
  3 elephant simulacra (IceCv)
  3 howler monkeys
  An electric eel (Lair:2)
  A bombardier beetle (D:3)
  A lava snake (Swamp:4)
  6 hounds
  8 jellies
  19 orc priests
  2 gnoll boudas
  Jessica (D:3)
  4 sleepcaps
  Ijyb (D:3)
  Terence (D:3)
  5 iguanas
  Natasha (thrice) (D:3)
  24 orc wizards
  A polar bear simulacrum (IceCv)
  6 troll simulacra (IceCv)
  9 spriggan simulacra (IceCv)
  2 wolf simulacra (IceCv)
  Robin (D:3)
  9 adders
  12 gnolls
  4 naga simulacra (IceCv)
  A shadow imp (D:5)
  8 white imps
  2 ufetubi (IceCv)
  A dart slug (D:3)
  74 orcs
  4 bats (D:2)
  19 endoplasms
  3 giant cockroaches
  18 goblins
  11 hobgoblins
  7 jackals
  4 quokkas
  7 ball pythons
  7 frilled lizards
  11 kobolds
  5 rats
  3 aspiring fleshes (Zot:1)
  2 spectral weapons (Elf:3)
2052 creatures vanquished.

Vanquished Creatures (collateral kills)
  Boris (Vaults:1)
  The ghost of Gaocirph the Messiah, an adept MDMo of Beogh (Snake:3)
  A yellow draconian (Zot:2)
3 creatures vanquished.

Vanquished Creatures (others)
  A draconian monk (Zot:2)
  A white draconian (Zot:2)
  4 foxfires
6 creatures vanquished.

Grand Total: 2061 creatures vanquished

Notes
Turn   | Place    | Note
-------+----------+-------------------------------------------
     0 | D:5      | GordonOverkill the Demonspawn Delver began the quest for
                  | the Orb.
     0 | D:5      | Reached XP level 1. HP: 18/18 MP: 1/1
   472 | D:6      | Found a staircase to the Ecumenical Temple.
   479 | Temple   | Entered the Ecumenical Temple
   488 | Temple   | Became a worshipper of Vehumet
   596 | D:4      | Found a transporter.
   600 | D:4      | Noticed GordonOverkill's ghost (weakling DsDe)
   657 | D:4      | Noticed a phantom
   670 | D:4      | Found a transporter.
   738 | D:2      | Noticed Robin
   747 | D:3      | Reached skill level 1 in Spellcasting
   747 | D:3      | Gained mutation: You have a pair of small horns on your
                  | head. [demonic ancestry]
   747 | D:3      | Reached XP level 2. HP: 12/24 MP: 3/3
   785 | D:2      | HP: 1/24 [goblin/+0 club[Robin] (4)]
  1038 | D:1      | Gained mutation: Your demonic aura sometimes causes spilled
                  | blood to erupt in flames. [demonic ancestry]
  1038 | D:1      | Reached XP level 3. HP: 27/29 MP: 6/6
  1331 | D:1      | Found a faded altar of an unknown god.
  1590 | D:2      | Reached * piety under Vehumet
  1590 | D:2      | Offered knowledge of Freeze by Vehumet.
  1593 | D:2      | Learned a level 1 spell: Freeze
  1953 | D:2      | Gained mutation: You have an unusually large brain. (Int
                  | +2) [demonic ancestry]
  1953 | D:2      | Reached XP level 4. HP: 34/35 MP: 8/8
  2382 | D:3      | Noticed Sigmund
  2658 | D:3      | Killed Sigmund
  2659 | D:3      | Reached skill level 3 in Ice Magic
  2659 | D:3      | Gained mutation: You have a pair of horns on your head.
                  | [demonic ancestry]
  2659 | D:3      | Reached XP level 5. HP: 41/41 MP: 1/9
  2757 | D:3      | Killed Robin
  2759 | D:3      | Reached skill level 4 in Ice Magic
  3009 | D:3      | Noticed Terence
  3015 | D:3      | Killed Terence
  3016 | D:3      | Gained mutation: You have an extremely huge brain. (Int +4)
                  | [demonic ancestry]
  3016 | D:3      | Reached XP level 6. HP: 31/47 MP: 6/10
  3178 | D:3      | Reached skill level 1 in Evocations
  3359 | D:3      | Noticed Jessica
  3362 | D:3      | Killed Jessica
  3362 | D:3      | Offered knowledge of Searing Ray by Vehumet.
  3371 | D:3      | Reached ** piety under Vehumet
  3451 | D:3      | Noticed Natasha
  3476 | D:3      | Killed Natasha
  3583 | D:3      | Noticed Natasha
  3597 | D:3      | Killed Natasha
  4123 | D:3      | Noticed Natasha
  4132 | D:3      | Killed Natasha
  4635 | D:4      | Noticed Ijyb
  4645 | D:3      | Killed Ijyb
  4646 | D:3      | Reached skill level 1 in Conjurations
  4746 | D:3      | Gained mutation: Your body sometimes deteriorates upon
                  | taking damage. [potion of mutation]
  4746 | D:3      | Gained mutation: You have sharp toenails. [potion of
                  | mutation]
  4757 | D:3      | Gained mutation: You have an absolutely massive brain. (Int
                  | +6, Wiz) [demonic ancestry]
  4757 | D:3      | Reached XP level 7. HP: 39/52 MP: 13/13
  4763 | D:3      | Learned a level 5 spell: Irradiate
  4994 | D:4      | Found a shimmering blue altar of Sif Muna.
  5605 | D:4      | Reached skill level 5 in Conjurations
  5630 | D:4      | Learned a level 2 spell: Blink
  6039 | D:4      | Found a shimmering blue altar of Sif Muna.
  6171 | D:4      | Found a transporter.
  6497 | D:4      | Reached skill level 1 in Translocations
  6684 | D:4      | Offered knowledge of Stone Arrow by Vehumet.
  6685 | D:4      | Reached XP level 8. HP: 58/58 MP: 12/14
  6702 | D:4      | Learned a level 3 spell: Stone Arrow
  6955 | D:5      | Reached skill level 1 in Earth Magic
  7154 | D:5      | Reached *** piety under Vehumet
  7822 | D:5      | Reached skill level 1 in Alchemy
  8545 | D:6      | Noticed Prince Ribbit
  8554 | D:6      | Killed Prince Ribbit
  8879 | D:6      | Found Agarec's Book Emporium.
  8942 | D:6      | Offered knowledge of Ignite Poison by Vehumet.
  9050 | D:6      | Reached XP level 9. HP: 45/63 MP: 1/15
  9083 | D:6      | Reached skill level 5 in Ice Magic
  9631 | D:6      | Found an ornate altar of the Wu Jian Council.
  9773 | D:7      | Noticed Menkaure
  9776 | D:7      | Killed Menkaure
  9777 | D:7      | Reached skill level 5 in Earth Magic
 10059 | D:7      | Reached skill level 5 in Spellcasting
 10120 | D:7      | Identified the +2 leather armour of the Riding Gods
                  | {^Contam +Inv Slay+5 Stlth+}
 10225 | D:7      | Noticed Maggie
 10236 | D:7      | Killed Maggie
 10237 | D:7      | Reached skill level 6 in Ice Magic
 10430 | D:7      | Found a runed translucent gate.
 10430 | D:7      | Found a runed translucent gate.
 10430 | D:7      | Found a runed translucent gate.
 10431 | D:7      | Noticed koorschki's ghost (novice DsSh)
 10471 | D:7      | Noticed Dowan
 10487 | D:7      | Noticed Duvessa
 10825 | D:7      | Killed Duvessa
 10894 | D:7      | Killed Dowan
 11223 | D:8      | Learned a level 6 spell: Permafrost Eruption
 11469 | D:8      | Reached **** piety under Vehumet
 11484 | D:8      | Identified the +3 ring mail "Qiskatu" {Int+3 Dex+3}
 11643 | D:8      | Noticed Erica
 11651 | D:8      | Killed Erica
 11652 | D:8      | Reached skill level 7 in Ice Magic
 11652 | D:8      | Reached XP level 10. HP: 60/70 MP: 1/19
 11950 | D:8      | Offered knowledge of Yara's Violent Unravelling by Vehumet.
 12031 | D:8      | Found a staircase to the Lair.
 12206 | D:8      | Noticed a lindwurm
 12237 | D:8      | Noticed a lindwurm
 12647 | D:8      | Noticed a lindwurm
 12649 | D:8      | Noticed a lindwurm
 12768 | D:8      | Killed a lindwurm
 12827 | D:8      | Killed a lindwurm
 12954 | D:8      | Killed a lindwurm
 12955 | D:8      | Reached skill level 8 in Ice Magic
 13060 | D:8      | Killed a lindwurm
 14052 | D:9      | Gained mutation: Your demonic aura often causes spilled
                  | blood to erupt in flames. [demonic ancestry]
 14052 | D:9      | Reached XP level 11. HP: 75/75 MP: 10/22
 14846 | D:9      | Reached skill level 9 in Ice Magic
 14985 | D:9      | Noticed a two-headed ogre
 14987 | D:9      | Killed a two-headed ogre
 15812 | D:10     | Entered Level 10 of the Dungeon
 15882 | D:10     | Found a transporter.
 15915 | D:10     | Noticed an ogre mage
 15951 | D:10     | Noticed YordlordTheGreat's ghost (journeyman HuCA)
 15955 | D:10     | Found a transporter.
 16008 | D:10     | Reached ***** piety under Vehumet
 16391 | D:10     | Offered knowledge of Brom's Barrelling Boulder by Vehumet.
 16412 | D:10     | Noticed Joseph
 16415 | D:10     | Killed Joseph
 16956 | D:10     | Noticed Harold
 16959 | D:10     | Killed Harold
 17554 | D:11     | Reached skill level 5 in Shields
 17744 | D:11     | Gained mutation: You regenerate magic rapidly. [demonic
                  | ancestry]
 17744 | D:11     | Reached XP level 12. HP: 83/83 MP: 4/25
 17949 | D:11     | Noticed a two-headed ogre
 17951 | D:11     | Killed a two-headed ogre
 17952 | D:11     | Reached skill level 5 in Fighting
 19152 | D:12     | Found a staircase to the Orcish Mines.
 19492 | D:12     | Noticed Fannar
 19497 | D:12     | Killed Fannar
 19498 | D:12     | Reached skill level 10 in Ice Magic
 19636 | D:12     | Found Filiox's Antique Weapon Shoppe.
 19701 | D:13     | Noticed a centaur warrior
 19703 | D:13     | Killed a centaur warrior
 19708 | D:13     | Noticed a centaur warrior
 19710 | D:13     | Killed a centaur warrior
 19774 | D:13     | Reached skill level 10 in Earth Magic
 19971 | D:13     | Identified the +1 leather armour "Lesotuak" {+Inv MP+9
                  | Slay+3}
 19979 | D:13     | Noticed Frances
 20117 | D:13     | Noticed a boulder beetle
 20120 | D:13     | Reached skill level 10 in Spellcasting
 20388 | Lair:1   | Entered Level 1 of the Lair of Beasts
 20492 | Lair:1   | Reached skill level 5 in Alchemy
 20794 | Lair:1   | Offered knowledge of Flame Wave by Vehumet.
 20796 | Lair:1   | Gained mutation: When hurt, damage is shared between your
                  | health and your magic reserves. [demonic ancestry]
 20796 | Lair:1   | Reached XP level 13. HP: 93/93 MP: 9/27
 21652 | Lair:1   | Reached skill level 5 in Dodging
 22289 | Lair:2   | Found a staircase to the Swamp.
 22315 | Lair:2   | Found a transporter.
 22392 | Lair:2   | Found a transporter.
 22394 | Lair:2   | Found a one-way gate to the infinite horrors of the Abyss.
 22394 | Lair:2   | Noticed Errthou's ghost (journeyman MiFi)
 24815 | Lair:3   | Offered knowledge of Iskenderun's Battlesphere by Vehumet.
 24959 | Lair:3   | Found a staircase to the Snake Pit.
 26237 | Lair:4   | Found a viscous altar of Jiyva.
 26238 | Lair:4   | Found a staircase to the Slime Pits.
 26347 | Lair:5   | Entered Level 5 of the Lair of Beasts
 26387 | Lair:5   | Reached skill level 5 in Evocations
 26387 | Lair:5   | Reached XP level 14. HP: 105/105 MP: 5/30
 26827 | Lair:4   | Reached skill level 11 in Ice Magic
 26997 | Lair:5   | Found the ring of Shadows {Umbra +Inv Stlth+}
 27042 | Lair:5   | Found a frozen archway.
 27057 | IceCv    | Entered an ice cave
 27769 | IceCv    | Noticed a reaper
 27774 | IceCv    | Offered knowledge of Spellforged Servitor by Vehumet.
 27787 | IceCv    | Killed a reaper
 27868 | IceCv    | Identified the +3 scale mail of the Original Sin {Harm MP+9
                  | Dex-5 SInv}
 28364 | Lair:5   | Reached skill level 10 in Fighting
 29242 | Lair:5   | Identified a scroll of acquirement
 29243 | Lair:5   | Acquired the ring of the Establishment {Fly rElec rF+ Int+2
                  | Dex-5}
 29385 | D:8      | Learned a level 9 spell: Polar Vortex
 29496 | D:13     | Killed Frances
 29686 | D:13     | Identified the +2 robe of Uptitz {Harm}
 30007 | D:13     | Acquired 930 gold pieces
 30437 | D:14     | Reached XP level 15. HP: 115/115 MP: 7/33
 30691 | D:14     | Found a gate to the Vaults.
 31125 | D:14     | Found a blossoming altar of Fedhas.
 31421 | D:15     | Entered Level 15 of the Dungeon
 31431 | D:15     | Noticed Rupert
 31439 | D:15     | Killed Rupert
 31440 | D:15     | Reached skill level 15 in Spellcasting
 31535 | D:15     | Found a staircase to the Depths.
 31543 | D:15     | Reached ****** piety under Vehumet
 31547 | D:15     | Offered knowledge of Conjure Ball Lightning by Vehumet.
 31724 | D:15     | Reached skill level 12 in Ice Magic
 32111 | D:15     | Found a shimmering altar of Xom.
 32402 | Orc:1    | Entered Level 1 of the Orcish Mines
 32525 | Orc:2    | Entered Level 2 of the Orcish Mines
 32525 | Orc:2    | Found Egeits's Book Shop.
 32726 | Orc:2    | Found a staircase to the Elven Halls.
 32841 | Orc:1    | Noticed Nergalle
 32843 | Orc:1    | Killed Nergalle
 32848 | Orc:1    | Noticed Urug
 32870 | Orc:1    | Your ally Urug died
 32871 | Orc:1    | Reached skill level 13 in Ice Magic
 33065 | Orc:1    | Found a roughly hewn altar of Beogh.
 33098 | Orc:1    | Offered knowledge of Orb of Destruction by Vehumet.
 33557 | Orc:2    | Noticed Jorgrun
 34672 | Snake:1  | Entered Level 1 of the Snake Pit
 34684 | Snake:1  | Identified the +4 falchion of the Witching Sybil {speed,
                  | rElec rN++ Will+ Int-4}
 34744 | Snake:1  | Reached skill level 14 in Ice Magic
 35198 | Snake:2  | Gained mutation: Your demonic aura causes all spilled blood
                  | to erupt in flames. [demonic ancestry]
 35198 | Snake:2  | Reached XP level 16. HP: 122/122 MP: 35/35
 36188 | Snake:3  | Reached skill level 15 in Ice Magic
 36544 | Snake:3  | Offered knowledge of Eringya's Noxious Bog by Vehumet.
 36756 | Snake:3  | Reached skill level 16 in Ice Magic
 37734 | Snake:3  | Found a runed translucent door.
 37737 | Snake:3  | Noticed Gaocirph's ghost (adept MDMo)
 37939 | Snake:3  | Learned a level 7 spell: Ozocubu's Refrigeration
 38236 | Snake:3  | Killed Gaocirph's ghost
 39136 | Snake:4  | Entered Level 4 of the Snake Pit
 39304 | Snake:4  | Reached skill level 17 in Ice Magic
 39834 | Snake:4  | Found Puskiec's Antique Weapon Boutique.
 39837 | Snake:4  | Gained mutation: You punish those that try to bend your
                  | will. (Will+) [demonic ancestry]
 39837 | Snake:4  | Reached XP level 17. HP: 118/128 MP: 32/36
 40070 | Snake:4  | Reached skill level 18 in Ice Magic
 40306 | Snake:4  | Offered knowledge of Fire Storm by Vehumet.
 40306 | Snake:4  | Offered knowledge of Shatter by Vehumet.
 40306 | Snake:4  | Offered knowledge of Maxwell's Capacitive Coupling by
                  | Vehumet.
 40967 | Snake:4  | Found an iron altar of Okawaru.
 40990 | Snake:4  | Got a serpentine rune of Zot
 40998 | Snake:4  | Found an iron altar of Okawaru.
 41085 | Snake:4  | Reached skill level 19 in Ice Magic
 41389 | Snake:4  | Found Puskiec's Antique Weapon Boutique.
 41999 | Orc:2    | Killed Jorgrun
 42534 | Orc:2    | Found Iphewy's Antique Armour Boutique.
 42534 | Orc:2    | Found Ilaagim's Distillery.
 42534 | Orc:2    | Found Wion Tau's General Store.
 42534 | Orc:2    | Found Jiush's Book Emporium.
 42544 | Orc:2    | Bought a manual of Alchemy for 1200 gold pieces
 42572 | Orc:2    | Bought a potion of curing for 45 gold pieces
 42572 | Orc:2    | Bought a potion of mutation for 120 gold pieces
 42572 | Orc:2    | Bought a potion of enlightenment for 75 gold pieces
 42572 | Orc:2    | Bought a potion of brilliance for 60 gold pieces
 42572 | Orc:2    | Bought a potion of curing for 45 gold pieces
 42572 | Orc:2    | Bought a potion of heal wounds for 75 gold pieces
 42572 | Orc:2    | Bought a potion of enlightenment for 75 gold pieces
 42582 | Orc:2    | Bought a scroll of blinking for 112 gold pieces
 43023 | Swamp:1  | Entered Level 1 of the Swamp
 43463 | Swamp:1  | Noticed Mlioglotl
 43469 | Swamp:1  | Killed Mlioglotl
 43472 | Swamp:1  | Reached skill level 20 in Ice Magic
 44319 | Swamp:2  | You are sucked into a shaft and drop 1 floor!
 44435 | Swamp:3  | Reached XP level 18. HP: 65/134 MP: 9/37
 44442 | Swamp:3  | Noticed a tentacled monstrosity
 44448 | Swamp:3  | Killed a tentacled monstrosity
 44644 | Swamp:3  | Identified the ring "Irusm" {rElec rF+ rCorr Str+4 Dex+6}
 44780 | Swamp:3  | Identified the +0 robe of the Pink Corner {^Drain rC++
                  | Int+3}
 45528 | Swamp:2  | Reached skill level 21 in Ice Magic
 45581 | Swamp:2  | Noticed Roxanne
 45595 | Swamp:2  | Killed Roxanne
 45864 | Swamp:4  | Entered Level 4 of the Swamp
 45967 | Swamp:4  | Noticed a tentacled monstrosity
 45979 | Swamp:4  | Killed a tentacled monstrosity
 46768 | Swamp:4  | Got a decaying rune of Zot
 47194 | Elf:1    | Entered Level 1 of the Elven Halls
 47906 | Elf:1    | Identified the ring "Nupoutul" {Wiz Int+6}
 49104 | Elf:2    | Found a runed translucent gate.
 49105 | Elf:2    | Found a runed translucent gate.
 49105 | Elf:2    | Found a runed translucent gate.
 49660 | Elf:2    | Reached XP level 19. HP: 150/150 MP: 23/39
 50116 | Elf:3    | Entered Level 3 of the Elven Halls
 50121 | Elf:3    | Noticed Bai Suzhen
 50131 | Elf:3    | Killed Bai Suzhen
 50208 | Elf:3    | Identified the serpent talisman of Kanof {rC+ Dex+3}
 50208 | Elf:3    | Noticed Aizul
 50214 | Elf:3    | Killed Aizul
 50257 | Elf:3    | Noticed Saint Roka
 50264 | Elf:3    | Killed Saint Roka
 50544 | Elf:3    | Found Umoofruv's Assorted Antiques.
 50577 | Elf:3    | Noticed Asterion
 50582 | Elf:3    | Reached skill level 15 in Fighting
 50583 | Elf:3    | Killed Asterion
 50750 | Elf:3    | Bought a scroll of teleportation for 93 gold pieces
 50750 | Elf:3    | Bought a scroll of teleportation for 93 gold pieces
 50750 | Elf:3    | Bought 2 potions of curing for 186 gold pieces
 50881 | Elf:3    | Found a radiant altar of Vehumet.
 50937 | Elf:3    | Noticed Mara
 50943 | Elf:3    | Killed Mara
 51696 | Elf:3    | Identified the ring of Dygenwesm {rPois rF+ rCorr SInv}
 51762 | Elf:3    | Noticed Zenata
 51766 | Elf:3    | Killed Zenata
 51870 | Elf:3    | Reached skill level 10 in Dodging
 51937 | Elf:3    | Got Unimeat's Incunabulum of Breezy Remains
 51959 | Elf:3    | Got the Parchment of the Snowy Mantle
 51978 | Elf:3    | Got the Precepts of Assembled Percussion
 52006 | Elf:3    | Identified the staff "Gemetzodo" {Str+2 Int+6 Earth}
 52007 | Elf:3    | Identified the +1 flail of Cotonwyr {freeze, ^Drain Will+++
                  | Dex+6}
 52041 | Elf:3    | Got the Information on Arcane Weapons and the Singularity
 52404 | Vaults:1 | Entered Level 1 of the Vaults
 52928 | Vaults:1 | Gained mutation: You have a pair of large horns on your
                  | head. [demonic ancestry]
 52928 | Vaults:1 | Reached XP level 20. HP: 144/162 MP: 28/40
 53144 | Vaults:1 | Reached skill level 10 in Alchemy
 53778 | Vaults:1 | Noticed Norris
 53786 | Vaults:1 | Killed Norris
 54005 | Vaults:1 | Identified the +3 robe "Deoreh" {rN+}
 54005 | Vaults:1 | Noticed Boris
 54008 | Vaults:1 | Noticed a dread lich
 54022 | Vaults:1 | Killed a dread lich
 54318 | Vaults:1 | Killed Boris
 54408 | Vaults:1 | Got the Disquisition on Combustion
 54450 | Vaults:1 | Noticed Donald
 54454 | Vaults:1 | Killed Donald
 54803 | Vaults:2 | Found Koept's General Store.
 54806 | Vaults:2 | Bought the +3 pair of seven-league boots {Rampage+∞} for
                  | 800 gold pieces
 54806 | Vaults:2 | Found the +3 pair of seven-league boots {Rampage+∞}
 54888 | Vaults:2 | Reached skill level 15 in Alchemy
 54889 | Vaults:2 | Reached skill level 1 in Armour
 54910 | Vaults:2 | Found Helieng's Jewellery Shoppe.
 54916 | Vaults:2 | Bought the ring of Wobissuu {Wiz rPois rF- rC+ Int+9} for
                  | 901 gold pieces
 55023 | Vaults:2 | Found Uvvalen's Assorted Antiques.
 55054 | Vaults:2 | Bought a scroll of enchant armour for 322 gold pieces
 55054 | Vaults:2 | Bought a scroll of revelation for 322 gold pieces
 55054 | Vaults:2 | Bought a potion of enlightenment for 215 gold pieces
 55131 | Vaults:2 | Reached skill level 5 in Armour
 55159 | Vaults:2 | Found a magical portal.
 55200 | WizLab   | Entered The Roulette of Golubria
 55200 | WizLab   | Found a transporter.
 55223 | Vaults:2 | Identified the +0 scale mail of Nakijyu {^Contam Rampage
                  | Str-5 Dex+8}
 55229 | Vaults:2 | Identified the +3 scale mail of New Discoveries {+Blink
                  | Str+5 Dex-5}
 55237 | Vaults:2 | Found Kaneh's Antique Weapon Boutique.
 55644 | Vaults:2 | Learned a level 8 spell: Lehudib's Crystal Spear
 55734 | Vaults:2 | Found a portal to a secret trove of treasure.
 55931 | Vaults:2 | Bought a jewelled trident for 306 gold pieces
 55931 | Vaults:2 | Identified the +11 trident of Tomorrow {heavy, rF- rN+
                  | Str+3 Stlth+} (You bought it in a shop on level 2 of the
                  | Vaults)
 56154 | Vaults:3 | Reached skill level 10 in Armour
 56425 | Vaults:3 | Gained mutation: You are resistant to unholy torment.
                  | [demonic ancestry]
 56425 | Vaults:3 | Reached XP level 21. HP: 116/168 MP: 24/41
 56850 | Vaults:3 | Found Diseun's Distillery.
 56857 | Vaults:3 | Bought a potion of curing for 39 gold pieces
 56857 | Vaults:3 | Bought 2 potions of curing for 78 gold pieces
 56857 | Vaults:3 | Bought a potion of enlightenment for 65 gold pieces
 56857 | Vaults:3 | Bought a potion of curing for 39 gold pieces
 56857 | Vaults:3 | Bought a potion of curing for 39 gold pieces
 56857 | Vaults:3 | Bought a potion of curing for 39 gold pieces
 56912 | Vaults:3 | Gained mutation: Your magical capacity is low. (-10% MP)
                  | [mutagenic glow]
 57204 | Vaults:3 | Found a staircase to the Crypt.
 57204 | Vaults:3 | Found an ancient bone altar of Kikubaaqudgha.
 57205 | Vaults:3 | Found a basalt altar of Yredelemnul.
 57508 | Vaults:3 | Identified the +1 helmet "Duot" {rElec}
 58461 | Vaults:4 | Reached skill level 22 in Ice Magic
 58917 | Vaults:5 | Entered Level 5 of the Vaults
 59385 | Depths:1 | Entered Level 1 of the Depths
 59498 | Depths:1 | Gained mutation: You can hurl damnation. [demonic ancestry]
 59498 | Depths:1 | Reached XP level 22. HP: 175/175 MP: 31/39
 59508 | Depths:1 | Found a gateway to Hell.
 59527 | Depths:1 | Found Ammijacw's Magic Scroll Emporium.
 59531 | Depths:1 | Bought a scroll of silence for 161 gold pieces
 59531 | Depths:1 | Bought a scroll of teleportation for 51 gold pieces
 59531 | Depths:1 | Bought a scroll of enchant armour for 127 gold pieces
 59531 | Depths:1 | Bought a scroll of fog for 68 gold pieces
 59531 | Depths:1 | Bought a scroll of teleportation for 51 gold pieces
 59893 | Depths:1 | Noticed a golden dragon
 59904 | Depths:1 | Killed a golden dragon
 59937 | Depths:1 | Found Mudaaqos's Magic Scroll Boutique.
 59965 | Depths:1 | Bought a scroll of revelation for 97 gold pieces
 60124 | Depths:1 | Found Agrouw's Antique Armour Boutique.
 60239 | Depths:1 | Reached skill level 23 in Ice Magic
 60280 | Depths:1 | Found Aryub's Distillery.
 60302 | Depths:1 | Bought a potion of haste for 140 gold pieces
 60302 | Depths:1 | Bought a potion of curing for 42 gold pieces
 60302 | Depths:1 | Bought a potion of haste for 140 gold pieces
 60302 | Depths:1 | Bought a potion of heal wounds for 70 gold pieces
 60302 | Depths:1 | Bought a potion of curing for 42 gold pieces
 60693 | Depths:2 | Found a one-way gate leading to the halls of Pandemonium.
 60746 | Depths:2 | Found a sacrificial altar of Ru.
 61637 | Depths:2 | Noticed a dread lich
 61640 | Depths:2 | Paralysed by something for 4 turns
 61648 | Depths:2 | Killed a dread lich
 62001 | Orc:2    | Bought a heavily runed ring mail for 234 gold pieces
 62001 | Orc:2    | Identified the +0 ring mail "Ywneo" {Harm Rampage} (You
                  | bought it in a shop on level 2 of the Orcish Mines)
 62209 | Depths:3 | Noticed a golden dragon
 62242 | Depths:3 | Killed a golden dragon
 62543 | Depths:3 | Gained mutation: When low on magic, you restore magic in
                  | place of health. [demonic ancestry]
 62543 | Depths:3 | Reached XP level 23. HP: 181/181 MP: 40/42
 63020 | Depths:3 | Found a one-way gateway to a ziggurat.
 63096 | Depths:3 | Found the +6 shillelagh "Devastator" {shatter}
 63366 | Depths:4 | Entered Level 4 of the Depths
 63828 | Depths:4 | Found a gate to the Realm of Zot.
 64435 | Depths:4 | Noticed a caustic shrike
 64444 | Depths:4 | Noticed a caustic shrike
 64444 | Depths:4 | Noticed a caustic shrike
 64444 | Depths:4 | Noticed a caustic shrike
 64445 | Depths:4 | Noticed a caustic shrike
 64447 | Depths:4 | Killed a caustic shrike
 64448 | Depths:4 | Killed a caustic shrike
 64449 | Depths:4 | Killed a caustic shrike
 64449 | Depths:4 | Killed a caustic shrike
 64450 | Depths:4 | Killed a caustic shrike
 64451 | Depths:4 | Reached skill level 10 in Shields
 64643 | Depths:4 | Found Vuff's Self-Improvement Boutique.
 65162 | Vaults:5 | Noticed a dread lich
 65167 | Vaults:5 | Killed a dread lich
 65359 | Vaults:5 | Identified the +7 short sword of a treasure trove {protect,
                  | rPois rF+ Will+ rCorr}
 65740 | Vaults:5 | Gained mutation: You have hidden genetic defects.
                  | [mutagenic glow]
 65787 | Vaults:5 | Identified the amulet "Oqaikhais" {Faith rCorr Str+3}
 65793 | Vaults:5 | Identified the +3 acid dragon scales of Axubulot {rC- rCorr
                  | MP+9 Dex+6}
 65808 | Vaults:5 | Identified the staff of Evil {Fly rF+ rC+ rN+ Fire}
 65811 | Vaults:5 | Identified the +5 glaive of the Gnat {freeze, rPois rCorr
                  | Str+2 Stlth+}
 65896 | Vaults:5 | Lost mutation: You have hidden genetic defects. [potion of
                  | mutation]
 65896 | Vaults:5 | Lost mutation: Your magical capacity is low. (-10% MP)
                  | [potion of mutation]
 65896 | Vaults:5 | Lost mutation: You have sharp toenails. [potion of
                  | mutation]
 65896 | Vaults:5 | Gained mutation: You are dopey. (Int -2) [potion of
                  | mutation]
 65896 | Vaults:5 | Gained mutation: Your magical capacity is low. (-10% MP)
                  | [potion of mutation]
 65897 | Vaults:5 | Lost mutation: Your body sometimes deteriorates upon taking
                  | damage. [potion of mutation]
 65897 | Vaults:5 | Lost mutation: You are dopey. (Int -2) [potion of mutation]
 65897 | Vaults:5 | Gained mutation: You are agile. (Dex +4, Str/Int -1)
                  | [potion of mutation]
 65898 | Vaults:5 | Lost mutation: You are agile. (Dex +4, Str/Int -1) [potion
                  | of mutation]
 65898 | Vaults:5 | Lost mutation: Your magical capacity is low. (-10% MP)
                  | [potion of mutation]
 65898 | Vaults:5 | Gained mutation: Your body sometimes deteriorates upon
                  | taking damage. [potion of mutation]
 65898 | Vaults:5 | Gained mutation: You expend magic power (3 MP) to
                  | strengthen your wands. [potion of mutation]
 65898 | Vaults:5 | Gained mutation: You passively dampen the noise of your
                  | surroundings. [potion of mutation]
 65932 | Vaults:5 | Acquired 596 gold pieces
 65977 | Vaults:5 | Identified the amulet of Puamm {Faith +Inv SInv}
 65980 | Vaults:5 | Reached XP level 24. HP: 163/165 MP: 43/47
 66649 | Vaults:5 | Got the Folio of Generation and the Cwm
 66675 | Vaults:5 | Got Vv's Precepts of Polar Lava
 66683 | Vaults:5 | Got a silver rune of Zot
 66793 | Vaults:5 | Identified the +1 chain mail "Irek" {rC+}
 66854 | Vaults:5 | Identified the ring of Midnight {Fire Fly Will+}
 67132 | Vaults:5 | Identified the +10 dire flail "Ynworch" {flame, SInv}
 67135 | Vaults:5 | Identified the +6 war axe "Nas Etsosm" {chaos, Fly Int+2}
 67286 | Vaults:5 | Identified the +9 flail of Caustic Absolution {venom, Will+
                  | Int+3}
 67643 | Zot:1    | Entered Level 1 of the Realm of Zot
 67765 | Zot:1    | Identified the +5 dire flail of Xom's Favour {drain, rPois
                  | rF+ rC+}
 67766 | Zot:1    | Found the +4 dragonskin cloak {Aegis}
 67766 | Zot:1    | Noticed Tiamat
 67936 | Zot:2    | Noticed a Killer Klown
 67939 | Zot:2    | Reached skill level 15 in Shields
 67941 | Zot:2    | Killed a Killer Klown
 68012 | Zot:2    | Noticed Grunn
 68018 | Zot:2    | Killed Grunn
 68073 | Zot:1    | Reached skill level 10 in Conjurations
 68368 | Zot:4    | Noticed a Killer Klown
 68374 | Zot:4    | Killed a Killer Klown
 68615 | Zot:4    | Found Paaren's Changing Room.
 68763 | Zot:5    | Entered Level 5 of the Realm of Zot
 70072 | Zot:5    | Noticed a Killer Klown
 70073 | Zot:5    | Reached XP level 25. HP: 155/194 MP: 38/47
 70081 | Zot:5    | Killed a Killer Klown
 70168 | Zot:5    | Noticed a Killer Klown
 70172 | Zot:5    | Killed a Killer Klown
 70189 | Zot:5    | Noticed an orb of fire
 70198 | Zot:5    | Killed an orb of fire
 70201 | Zot:5    | Noticed a Killer Klown
 70204 | Zot:5    | Noticed a dread lich
 70213 | Zot:5    | Killed a Killer Klown
 70213 | Zot:5    | Killed a dread lich
 70214 | Zot:5    | Reached skill level 15 in Conjurations
 70219 | Zot:5    | Noticed an orb of fire
 70224 | Zot:5    | Gained mutation: You are weak. (Str -2) [an orb of fire]
 70225 | Zot:5    | Killed an orb of fire
 70345 | Zot:5    | Noticed a Killer Klown
 70345 | Zot:5    | Noticed an orb of fire
 70345 | Zot:5    | Noticed an orb of fire
 70346 | Zot:5    | Noticed an orb of fire
 70350 | Zot:5    | Noticed a Killer Klown
 70352 | Zot:5    | Killed an orb of fire
 70354 | Zot:5    | Killed an orb of fire
 70357 | Zot:5    | Noticed an orb of fire
 70363 | Zot:5    | Killed a Killer Klown
 70365 | Zot:5    | Killed an orb of fire
 70368 | Zot:5    | Killed a Killer Klown
 70592 | Zot:5    | Noticed an orb of fire
 70595 | Zot:5    | Gained mutation: Armour fits poorly on your strangely
                  | shaped body. [an orb of fire]
 70596 | Zot:5    | Killed an orb of fire
 70626 | Zot:5    | Killed an orb of fire
 70649 | Zot:5    | Noticed a Killer Klown
 70653 | Zot:5    | Killed a Killer Klown
 70915 | Zot:5    | Learned a level 3 spell: Swiftness
 70919 | Zot:5    | Got the Orb of Zot
 71191 | Depths:4 | Reached skill level 15 in Earth Magic
 71327 | D:13     | Noticed Nure Cip the pandemonium lord
 71330 | D:13     | Killed Nure Cip the pandemonium lord
 71546 | D:$      | Escaped with the Orb!

Illustrated notes

Levels and vault maps discovered:
D:1:      grunt_arrival_lava_bath, layout_rooms,
          shapermc_ecumenical_altar_totnotflames
D:2:      layout_loops_ring, uniq_robin
D:3:      layout_basic, uniq_jessica, uniq_sigmund, uniq_natasha, uniq_terence
D:4:      layout_rooms, nicolae_sif_muna_condensation, tso_oasis_becter,
          gammafunk_ghost_mausoleum, minmay_increasing_density, uniq_ijyb
D:5:      layout_basic
D:6:      layout_loops_ring, nicolae_wu_jian_immortal_techniques,
          minmay_temple_entry_offerings, serial_shops, shop,
          minmay_misc_feat_doors, grunt_ministairs_10, corexii_checkpoint,
          uniq_prince_ribbit1
D:7:      layout_cave_pools, ebering_ghost_rock_garden, uniq_menkaure,
          uniq_maggie, uniq_duvessa
D:8:      layout_gridville, erik_lair_orcish_takeover, minmay_lindwurm_lava,
          uniq_erica
D:9:      kb_forest_paths, layout_loops_ring
D:10:     layout_cave_pods, nzn_ghost_randoct,
          einodemon_armed_red_devil_minivault, uniq_joseph, uniq_harold
D:11:     layout_irregular_city
D:12:     layout_gridville, david_orc_2, serial_shops, shop, uniq_fannar
D:13:     layout_small_grid, uniq_frances
D:14:     layout_rooms, david_vaults_5, fedhas_altar_fruit_tree, serial_demonic,
          serial_demonic_d, serial_demonic_e, serial_demonic_d, serial_demonic_a
D:15:     gammafunk_depths_entry_grave, layout_rooms, xom_teletrap_fun,
          uniq_rupert
Temple:   hellmonk_temple_of_storms
Lair:1:   layout_cave_pods, st_stairs_13
Lair:2:   layout_layer_cave, minmay_swamp_entry_swarm,
          gammafunk_ghost_abyssal_escape, lemuel_old_faithful
Lair:3:   lemuel_slime, layout_chaotic_city, nicolae_snake_entry_squirm,
          st_stairs_11
Lair:4:   layout_regular_city, dpeg_slime_entry_enclosed,
          kennysheep_basilisk_garden
Lair:5:   grunt_lair_end_beastmaster, layout_misc_corridors,
          portal_ice_cave_rime, nicolae_lair_yak_garden, serial_bayou_shore_b
Swamp:1:  layout_basic_swamp, evilmike_swamp_ruin_house_2, st_swamp_ruins_1,
          infiniplex_staircase_pool, uniq_mlioglotl
Swamp:2:  layout_basic_swamp, evilmike_swamp_ruin_wall, swamp_pool_4,
          uniq_roxanne
Swamp:3:  layout_basic_swamp, hangedman_swamp_ruin_wall
Swamp:4:  swamp_fiery, layout_basic_swamp
Snake:1:  layout_rooms
Snake:2:  layout_layer_cave
Snake:3:  layout_chambers, ebering_ghost_inner_flame,
          nicolae_snake_salamander_stairs
Snake:4:  grunt_snake_rune_serpentine_throne, layout_gridlike, serial_shops,
          shop, hangedman_snake_corridor_cut
Orc:1:    layout_caves, nicolae_orc_beogh_chapel, uniq_nergalle, uniq_urug
Orc:2:    st_orc_open, layout_caves, serial_shops, nicolae_shop_tiny_glass,
          uniq_jorgrun
Elf:1:    eino_elf_arrival_shootout, layout_gridlike, kilobyte_rumbling_trees,
          grunt_ministairs_14
Elf:2:    nicolae_elf_blades_crystal_corner, layout_gridlike, st_stairs_9,
          abandoned_shop
Elf:3:    elf_hall, layout_geoelf_octagon, basic_altar, serial_shops, shop,
          uniq_asterion, uniq_saint_roka, uniq_zenata, uniq_bai_suzhen,
          uniq_aizul, uniq_mara
Vaults:1: nicolae_vaults_you_can_take_it_with_you, v_misc_14,
          nicolae_vaults_storage_closets_2, nicolae_vaults_yaktaur_gun_rack,
          nicolae_vaults_tetromino_T_1, hangedman_vaults_stretched_pinwheel,
          v_alt_pattern_3, nicolae_vaults_little_squares_1,
          ontoclasm_vaults_shuriken, nicolae_vaults_offset_grid_hallway_3,
          v_rooms_4, vaults_room_stairs_pillars,
          hangedman_vaults_stretched_pinwheel, vaults_dpeg_cross,
          nicolae_vaults_weapon_check, layout_vaults_omnicross, uniq_boris,
          uniq_donald, uniq_norris
Vaults:2: mu_enter_wizlab_3, vaults_dpeg_ring, nicolae_vaults_two_Ls,
          hangedman_vaults_snaps, nicolae_vaults_surprise_closet,
          layout_vaults_omnigrid, serial_shops, shop,
          nicolae_shop_real_fake_doors, nicolae_shop_tiny_statue_garden,
          shop_fountains, nicolae_trove_entry_path_of_doom
Vaults:3: v_misc_30, nicolae_vaults_three_branches, nicolae_vaults_tangram_2,
          nicolae_vaults_shrinking_rooms_2, minmay_crypt_entry_necro_gods,
          v_alt_pattern_1, v_rooms_5, nicolae_vaults_shipping_containers_2,
          hangedman_vaults_restitches, v_misc_25, nicolae_vaults_diamond_2,
          nicolae_vaults_two_Ls, nicolae_vaults_tetromino_L_1,
          grunt_vaults_diagonal, nicolae_vaults_door_testing_chamber,
          layout_vaults_maze_snakey, serial_shops, shop
Vaults:4: hangedman_vaults_hat, nicolae_vaults_swerve, vaults_mumra_hexcomb,
          hangedman_vaults_restitches, v_misc_11, hangedman_vaults_unwind,
          v_alt_pattern_3, nicolae_vaults_security_offices_2,
          vaults_room_grunt_arrival_ludios, nicolae_vaults_little_squares_2,
          vaults_dpeg_encased_lava, v_misc_16, layout_vaults_omnibox
Vaults:5
Depths:1: layout_roguey, pf_coc_iceberg, grunt_decor_junction, serial_shops,
          nicolae_shop_statue_plus, nicolae_diamond_shop,
          nicolae_shop_pleasant_corner_grove, nicolae_shop_back_alley_shop,
          minmay_crystal_water, onia_ninara_cookie, firewood_loft
Depths:2: hellmonk_paralyzer, layout_gridlike, minmay_misc_feat_plants,
          grunt_hell_entry_dis_grunt, pan_entry, hangedman_ru_absence,
          minmay_staircase_windowed_large
Depths:3: minmay_roctagon, layout_cave_pools, enter_ziggurat_b, abyss_entry,
          hell_entry, minmay_splitting_lines
Depths:4: grunt_x_marks_the_spot, layout_gridlike, hell_entry,
          nicolae_shop_self_help
Zot:1:    layout_gridlike, grunt_megastairs_3, uniq_tiamat
Zot:2:    layout_cathedral_of_symmetry, skrybe_zot_glass_2, uniq_josephina,
          uniq_grunn
Zot:3:    layout_basic
Zot:4:    layout_basic, nicolae_transmutations_shop
Zot:5:    layout_basic, hangedman_zot_diagonal_lockstep,
          regret_index_zotdec_onion_hex

Skill      XL: |  1  2  3  4  5  6  7  8  9 10 11 12 13 14 15 16 17 18 19 20 21 22 23 24 25 |
---------------+----------------------------------------------------------------------------+-----
Unarmed Combat | 2 |  2.1
Spellcasting   | 1 2 3 4 6 7 9 10 12 14 15 16 17 20 | 20.0
Ice Magic      | 3 4 7 8 9 10 11 14 17 20 21 22 23 | 23.0
Evocations     | 2 5 6 |  6.5
Conjurations   | 2 5 6 8 14 15 | 15.0
Translocations | 1 |  1.0
Earth Magic    | 4 6 8 9 10 15 | 15.0
Alchemy        | 4 6 9 15 | 15.0
Shields        | 5 13 15 | 15.0
Fighting       | 6 8 10 13 15 | 15.0
Dodging        | 2 5 10 | 10.0
Armour         | 11 13 | 13.0
Stealth        | |  4.5

Action                     |  1- 3 |  4- 6 |  7- 9 | 10-12 | 13-15 | 16-18 | 19-21 | 22-24 | 25-27 || total
---------------------------+-------+-------+-------+-------+-------+-------+-------+-------+-------++-------
  Melee: Unarmed           |   136 |    47 |       |       |       |       |       |       |       ||   183
         Punch             |     1 |     1 |       |       |       |       |       |       |       ||     2
         Headbutt          |    19 |    13 |     2 |     1 |     6 |     2 |    17 |    32 |     3 ||    95
         Club              |       |    16 |     3 |       |       |       |       |       |       ||    19
         Dagger            |       |       |     6 |     8 |    35 |    13 |    56 |    91 |     6 ||   215
         Kick              |       |       |     1 |     1 |    13 |     6 |     8 |       |       ||    29
         Staff             |       |       |       |       |       |       |       |     2 |       ||     2
  Throw: Dart              |       |     3 |    10 |       |       |       |     1 |     3 |       ||    17
   Cast: Freeze            |     6 |    79 |   108 |    30 |    29 |     8 |       |       |       ||   260
         Stone Arrow       |       |       |   109 |    33 |    59 |    28 |    20 |       |       ||   249
         Irradiate         |       |       |     6 |    10 |    26 |     9 |     2 |     8 |     1 ||    62
         Permafrost Erupti |       |       |     5 |   184 |   426 |   437 |   223 |   258 |    97 ||  1630
         Ozocubu's Refrige |       |       |       |       |       |     4 |       |       |     3 ||     7
         Blink             |       |       |       |       |       |     1 |       |       |       ||     1
         Polar Vortex      |       |       |       |       |       |    42 |    75 |    79 |    16 ||   212
         Lehudib's Crystal |       |       |       |       |       |       |    48 |   150 |    35 ||   233
  Evoke: Wand              |       |       |       |     5 |    14 |    16 |       |     8 |       ||    43
         Phantom mirror    |       |       |       |       |     1 |     1 |       |     1 |       ||     3
         Box of beasts     |       |       |       |       |       |       |       |     1 |       ||     1
    Use: Scroll            |     1 |     1 |     1 |    18 |    23 |     5 |     3 |    20 |     2 ||    74
         Potion            |       |     5 |       |     1 |     3 |    11 |     4 |     8 |     4 ||    36
   Stab: Sleeping          |     4 |     3 |     1 |       |       |       |       |       |       ||     8
         Distracted        |       |       |       |       |       |       |     1 |       |       ||     1
 Armour: Leather armour    |    85 |   100 |    80 |       |       |       |       |       |       ||   265
         Scale mail        |     2 |       |       |       |       |       |       |       |       ||     2
         Steam dragon scal |       |       |    12 |    56 |    60 |       |       |       |       ||   128
         Robe              |       |       |       |       |   100 |   210 |   214 |   100 |       ||   624
         Skin              |       |       |       |       |       |       |       |    75 |       ||    75
         Fire dragon scale |       |       |       |       |       |       |       |   205 |    61 ||   266
  Dodge: Dodged            |    64 |    68 |    54 |    42 |    79 |    84 |   125 |   154 |    13 ||   683
  Block: Buckler           |       |       |       |    18 |    55 |    56 |    67 |    32 |       ||   228
         Kite shield       |       |       |       |       |       |       |       |   134 |    20 ||   154

Table legend: (Time is in decaauts)
 A = Elapsed time spent in this place.
 B = Non-inter-level travel time spent in this place.
 C = Inter-level travel time spent in this place.
 D = Time resting spent in this place.
 E = Time spent auto-exploring this place.
 F = Levels seen in this place.
 G = Mean time per level.
                   A        B        C        D        E       F      G
               +--------+--------+--------+--------+--------+-----+--------+
         Total |  71690 |  66518 |   5172 |  28122 |  27575 |  50 | 1433.8 |
       Dungeon |  24587 |  22448 |   2139 |  10491 |   8657 |  15 | 1639.1 |
        Temple |     18 |     10 |      8 |      0 |      0 |   1 |   18.0 |
          Lair |   8310 |   7700 |    610 |   3232 |   3522 |   5 | 1662.0 |
         Swamp |   3672 |   3491 |    181 |   1563 |   1420 |   4 |  918.0 |
     Snake Pit |   7118 |   6879 |    239 |   1916 |   4267 |   4 | 1779.5 |
  Orcish Mines |   3077 |   2841 |    236 |   1826 |    679 |   2 | 1538.5 |
   Elven Halls |   5076 |   4866 |    210 |   2213 |   1961 |   3 | 1692.0 |
        Vaults |   9432 |   8650 |    782 |   3193 |   3687 |   5 | 1886.4 |
        Depths |   5645 |   5044 |    601 |   1457 |   2582 |   4 | 1411.2 |
           Zot |   3541 |   3379 |    162 |   1647 |    490 |   5 |  708.2 |
      Ice Cave |   1205 |   1205 |      0 |    583 |    308 |   1 | 1205.0 |
        Wizlab |      3 |      3 |      0 |      0 |      0 |   1 |    3.0 |
               +--------+--------+--------+--------+--------+-----+--------+

Top non-repeatable levels by time:
 Snake:3: 3107 daAuts
     D:6: 2508 daAuts
     D:3: 2497 daAuts
 Snake:4: 2420 daAuts
     D:9: 2388 daAuts
  Lair:2: 2373 daAuts
Vaults:1: 2364 daAuts
   Orc:1: 2302 daAuts
     D:8: 2262 daAuts
    D:10: 2135 daAuts
   Elf:3: 2114 daAuts
Vaults:4: 2039 daAuts
     D:4: 1986 daAuts
Vaults:5: 1979 daAuts
  Lair:4: 1680 daAuts
